Unix NetHack Version 5.0.0-0 post-release - last build May 17 2026 04:57:42 (dc50c8380fa5e20985bfe3072449f57b8d9895ef,branch:main).

Game began 2026-05-21 19:27:42, ended 2026-05-21 20:10:36.

Corncycle, chaotic male human Rogue

     --    ----                                ------
   ---.--- |..--                               |....|
   |...+.| |...-----         --                |....----
   |.....|  -......|        ..| -------    -----.-.....|
   ---...---|..---.|      --.. --*|...|   --...........|
     |.-...||.-- |.-----  |.. --......|   |..---....>.--
    --. --.|-.---|.....|---.- |.*|.)..|  --.-- --..^..|
    -....|.|.....|----.|....---[---..-----..|   |.|.(--
      |....%....-|   |..........| |^----.ss--   |.|---         -.
      --.........|   -.....---..| |dd@@s.---    |.|           -..
       |..--....-- |......-- ---- |-.-G0-|      |.|           |.-    --
       --- |....-  |.....--       |...d..|      |.---       ---.|    .--
           |.|....-----.--        |...s..|      |...|       |...-----..|
           |.|.|...|  ---         ---....----   |...|       |.....--...|
           |.|---.--                |.......|   ---.|      --*).......-
           |.|   --                 -.......-     |.|     --..--.--.<--
           |.-                     |..........    |.----- |.)-----|.--
           |.                      --.........|   |.....---.--    -.|
           |.                       ----.--..--   ----......|     ..|
           ---                         --- ---       --------     ..|
                                                                 ----
Corncycle the Rogue     St:14 Dx:17 Co:15 In:10 Wi:9 Ch:10  Chaotic
Dlvl:4  $:0  HP:0(47) Pw:16(16) AC:0  Xp:6 T:3211 

Latest messages:
 In what direction?
 You throw 2 daggers.
 The 1st dagger hits the dwarf.
 The 2nd dagger hits the dwarf.
 You kill the dwarf!
 The gnome lord swings his thonged club.
 The gnome lord misses!
 The cave spider spins a web.
 In what direction?
 The dagger hits the gnome lord.
 Your movements are now unencumbered.
 The werejackal picks up a dart.
 The gnome lord swings his thonged club.
 The gnome lord misses!
 The cave spider bites!
 In what direction?
 You throw 3 daggers.
 The 1st dagger hits the werejackal.
 The 2nd dagger hits the werejackal!
 The 3rd dagger hits the werejackal.
 The werejackal hurls a yellow potion!
 The bottle crashes on your head and breaks into shards.
 The yellow potion evaporates.
 You feel rather tired.
 The gnome lord swings his thonged club.
 The gnome lord hits!
 The cave spider bites!
 The werejackal hits!
 The gnome lord swings his thonged club.
 The gnome lord hits!
 The cave spider bites!
 The werejackal summons help!
 A fox suddenly appears close by!
 The werejackal just misses!
 The gnome lord swings his thonged club.
 The gnome lord hits!
 The cave spider bites!
 It misses the fox.
 The werejackal misses!
 The cave spider bites!
 It misses the jackal.
 The werejackal hits!
 The gnome lord swings his thonged club.
 The gnome lord hits!
 You die...
 Do you want your possessions identified? [ynq] (y)
 Do you want to see your attributes? [ynq] (y)
 Do you want an account of creatures vanquished? [ynaq] (y)
 Do you want to see your conduct and achievements? [ynq] (y)
 Do you want to see the dungeon overview? [ynq] (y)

Inventory:
 Amulets  ('"')
  v - a cursed amulet of life saving
 Weapons  (')')
  b - 6 +0 daggers (at the ready)
  a - a +0 dwarvish short sword (weapon in right hand)
 Armor    ('[')
  K - an uncursed +0 dwarvish iron helm (being worn)
  L - an uncursed +0 pair of iron shoes (being worn)
  M - an uncursed +0 dwarvish cloak (being worn)
  N - an uncursed +0 dwarvish mithril-coat (being worn)
 Comestibles  ('%')
  l - 3 uncursed food rations
  U - an uncursed tripe ration
 Scrolls  ('?')
  D - a blessed scroll of blank paper
  F - an uncursed scroll of confuse monster
  C - a cursed scroll of confuse monster
  x - a blessed scroll of create monster
  y - an uncursed scroll of enchant armor
  S - an uncursed scroll of enchant weapon
  r - an uncursed scroll of gold detection
  p - an uncursed scroll of teleportation
 Potions  ('!')
  T - a cursed potion of blindness
  g - an uncursed potion of confusion
  u - an uncursed potion of enlightenment
  m - an uncursed potion of extra healing
  B - 2 uncursed potions of healing
  i - an uncursed potion of object detection
  n - an uncursed potion of speed
  G - a cursed potion of speed
 Rings    ('=')
  s - an uncursed ring of free action
  o - an uncursed ring of see invisible
 Wands    ('/')
  h - a wand of nothing (0:12)
  I - a wand of opening (0:5)
  j - a wand of polymorph (0:7)
  R - a wand of polymorph (0:5)
 Tools    ('(')
  Y - an uncursed sack containing 1 item
  z - an uncursed brass lantern
  e - an uncursed lock pick
  Q - an uncursed tallow candle
  k - an uncursed tin whistle

Contents of the sack:
  300 gold pieces

Corncycle the Rogue's attributes:

Background:
 You were a Rogue, level 6 male human.
 You were chaotic, nominally on a mission for Kos
 who was opposed by Issek (lawful) and Mog (neutral).
 You were right-handed.
 You were in the Gnomish Mines, on level 4.
 You entered the dungeon 3211 turns ago.
 You had 403 experience points, 237 more were needed to attain level 7.

Basics:
 You had 0 out of 47 hit points.
 You had all 16 energy points (spell power).
 Your armor class was 0.
 Your wallet was empty, but
 you had 300 zorkmids stashed away in your pack.
 Autopickup was on for '.' plus thrown.

Final Characteristics:
 Your strength was 14 (limit:18/100).
 Your dexterity was 17 (limit:18).
 Your constitution was 15 (limit:18).
 Your intelligence was 10 (limit:18).
 Your wisdom was 9 (limit:18).
 Your charisma was 10 (limit:18).

Final Status:
 You weren't hungry.
 You were unencumbered.
 You were wielding a short sword.
 You had basic skill with short sword.

Final Attributes:
 You were piously aligned.
 Your items were somewhat protected from fire.
 Your items were somewhat protected from cold.
 You were stealthy.
 You were guarded.
 You are dead.

Miscellaneous:
 You didn't encounter any bones levels.
 Total elapsed playing time was 42 minutes and 53 seconds.

Major events:
 Turn
    1: Corncycle the chaotic male human Rogue entered the dungeon
  889: attained the rank of Cutpurse (level 3)
 2928: entered the Gnomish Mines
 2993: attained the rank of Rogue (level 6)
 3211: killed by a gnome lord, while sleeping off a magical draught

You didn't know any spells.

Skills:
 Fighting Skills
   bare handed combat [Unskilled]
   two weapon combat  [Unskilled]
   riding             [Unskilled]
 Weapon Skills
   dagger             [Skilled]
   knife              [Unskilled]
   short sword        [Basic]
   broadsword         [Unskilled]
   long sword         [Unskilled]
   two-handed sword   [Unskilled]
   saber              [Unskilled]
   club               [Unskilled]
   mace               [Unskilled]
   morning star       [Unskilled]
   flail              [Unskilled]
   hammer             [Unskilled]
   polearms           [Unskilled]
   spear              [Unskilled]
   crossbow           [Unskilled]
   dart               [Unskilled]
   shuriken           [Unskilled]
 Spellcasting Skills
   divination spells  [Unskilled]
   escape spells      [Unskilled]
   matter spells      [Unskilled]

Voluntary challenges:
 Character rerolling was not enabled.
 You were an atheist.
 You never genocided any monsters.
 You never polymorphed an object.
 You never changed form.
 You used no wishes.
Achievements:
 You attained the rank of Cutpurse.
 You entered a shop.
 You entered the Gnomish Mines.
 You attained the rank of Rogue.

 The Dungeons of Doom: levels 1 to 8
    Level 1:
       Some fountains.
    Level 2:
    Level 3:
       A fountain.
       Stairs down to The Gnomish Mines.
    Level 4:
       A fountain, a grave.
    Level 5:
       A potion shop, some fountains.
    Level 6:
       A fountain.
    Level 7:
    Level 8:
       A scroll shop.
 The Gnomish Mines:
    Level 4: <- You were here.
       Final resting place for
          you, killed by a gnome lord, while sleeping off a magical draught.


Vanquished creatures:
  a giant beetle
  a spotted jelly
 an orc shaman
  a rock piercer
  a rock mole
  a pony
  a fog cloud
  a shrieker
  a gnome leader
  a straw golem
  a little dog
  3 dwarves
  a kobold leader
  a kobold shaman
  a rabid rat
  a centipede
  2 giant bats
  a dwarf zombie
  3 iguanas
  a hobbit
  4 manes
  a yellow mold
 11 gnomes
  a garter snake
  2 gnome zombies
  4 geckos
  4 jackals
  a fox
  2 kobolds
  a sewer rat
  4 grid bugs
  a bat
  2 lichens
  a kobold zombie
  6 newts
70 creatures vanquished.

No species were genocided or became extinct.

Game over:
                       ----------
                      /          \
                     /    REST    \
                    /      IN      \
                   /     PEACE      \
                  /                  \
                  |    Corncycle     |
                  |      300 Au      |
                  |   killed by a    |
                  |    gnome lord    |
                  |                  |
                  |                  |
                  |       2026       |
                 *|     *  *  *      | *
        _________)/\\_//(\/(/\)/\//\/|_)_______

Goodbye Corncycle the Rogue...

You died in The Gnomish Mines on dungeon level 4 with 2242 points,
and 300 pieces of gold, after 3211 moves.
You were level 6 with a maximum of 47 hit points when you died.

